 Dungeon Crawl Stone Soup version 0.18-a0-1347-gb9e2fb4 (webtiles) character file.

56 Gottschkopf the Caller (level 3, 0/19 HPs)
             Began as a Tengu Summoner on Feb 17, 2016.
             Slain by a goblin
             ... wielding a +0 club
             ... led by Robin
              (1 damage)
             ... on level 2 of the Dungeon.
             The game lasted 00:11:23 (2238 turns).

Gottschkopf the Caller (Tengu Summoner)             Turns: 2238, Time: 00:11:23

Health: 0/19       AC:  4    Str:  8    XL:     3   Next: 95%
Magic:  0/8        EV: 13    Int: 21    God:
Gold:   69         SH:  0    Dex: 14    Spells: 3 memorised, 1 level left

rFire  . . .     SeeInvis .     i - +0 short sword
rCold  . . .     Gourm    .     a - +0 robe
rNeg   . . .     Faith    .     (no shield)
rPois  .         Spirit   .     (helmet restricted)
rElec  .         Dismiss  .     (no cloak)
rCorr  .         Reflect  .     j - +1 pair of gloves
SustAt .         Harm     .     (boots unavailable)
MR     .....                    (no amulet)
Stlth  ++........               (no ring)
                                (no ring)

@: brilliant, very slightly contaminated, not resistant to hostile enchantments,
unstealthy
A: beak, talons 3
a: no special abilities


You were on level 2 of the Dungeon.
You were not hungry.

You visited 1 branch of the dungeon, and saw 3 of its levels.

You collected 69 gold pieces.

Inventory:

Hand Weapons
 i - a +0 short sword (weapon)
Armour
 a - a +0 robe (worn)
 j - a +1 pair of gloves (worn)
 m - a +0 pair of gloves
Wands
 n - a wand of random effects (29/48)
 o - a wand of flame (11/48)
Scrolls
 d - 2 scrolls of recharging {unknown}
 f - 3 scrolls of random uselessness {unknown}
 k - a scroll of fog {unknown}
 l - 2 scrolls of remove curse {unknown}
 p - 2 scrolls of identify {unknown}
 q - a scroll of teleportation {unknown}
Potions
 g - a potion of resistance {unknown}
Books
 b - a book of Callings

   Spells                             Type                      Level
   a - Summon Small Mammal            Summoning                    1
   b - Call Imp                       Summoning                    2
   c - Call Canine Familiar           Summoning                    3
   d - Summon Guardian Golem          Hexes/Summoning              3
   e - Summon Lightning Spire         Summoning/Air                4
   f - Summon Ice Beast               Ice/Summoning                4
Comestibles
 c - 2 bread rations
 h - 2 meat rations


   Skills:
 + Level 2.4 Dodging
 + Level 2.1 Stealth
 * Level 2.9 Spellcasting
 * Level 5.6 Summonings


You had one spell level left.
You knew the following spells:

 Your Spells              Type           Power        Failure   Level  Hunger
a - Summon Small Mammal   Summ           ####         1%          1    None
b - Call Imp              Summ           #####...     1%          2    ##.....
c - Summon Guardian Gole  Hex/Summ       ####....     1%          3    ###....


Dungeon Overview and Level Annotations

Branches:
Dungeon (3/15)

Altars:

Annotations:
D:3 Robin, Terence


Innate Abilities, Weirdness & Mutations

You have a beak for a mouth.
You have claws for feet.


Message History

The goblin hits you but does no damage.
Casting: Summon Guardian Golem
Confirm with . or Enter, or press ? or * to list all spells.
A guardian golem appears, shielding your allies.
The goblin completely misses you. The goblin hits you with a club.
The hobgoblin hits you with a club. The goblin hits you with a club.
The goblin barely misses you. The hobgoblin hits you with a club.
* * * LOW HITPOINT WARNING * * *
Casting: Summon Guardian Golem
Confirm with . or Enter, or press ? or * to list all spells.
A beastly little devil appears in a puff of flame.
The goblin barely misses you. The hobgoblin hits you with a club.
* * * LOW HITPOINT WARNING * * *
The goblin barely misses you. The goblin hits you with a club.
* * * LOW HITPOINT WARNING * * *
Drink which item? (? for menu, Esc to quit)
It was a potion of brilliance.
You feel clever all of a sudden. The goblin hits you with a club.
You die...

#.... #.... ######### #....
#######.......# #....
#.............#########....
#.....................'....
#.........5...#########....
#........ggg..#############
#........g@g...............
#...(...8#g#######.........
#..........# ##.#######.
#..........######..........
#.........##...............
#..........................
#......................)...
#...†.........#....[......#
#.............##..##..###.#


You could see 2 hobgoblins, 4 goblins, a friendly guardian golem and a friendly
crimson imp.

Vanquished Creatures
  2 adders (D:2)
  A worm (D:2)
  A ball python (D:1)
  2 bats
  A giant cockroach (D:1)
  3 goblins
  4 hobgoblins
  A jackal (D:1)
  A giant newt (D:1)
  A kobold (D:1)
  2 rats (D:1)
19 creatures vanquished.

Vanquished Creatures (collateral kills)
  3 giant geckos
  A giant cockroach (D:2)
  3 goblins
  4 hobgoblins
  2 jackals (D:1)
  6 bats
  2 giant newts (D:1)
  2 kobolds
  2 rats (D:2)
25 creatures vanquished.

Grand Total: 44 creatures vanquished

Notes
Turn   | Place    | Note
--------------------------------------------------------------
     0 | D:1      | Gottschkopf the Tengu Summoner began the quest for the Orb.
     0 | D:1      | Reached XP level 1. HP: 10/10 MP: 4/4
   196 | D:1      | Reached skill level 5 in Summonings
   325 | D:1      | Reached XP level 2. HP: 15/15 MP: 3/6
   433 | D:1      | Learned a level 2 spell: Call Imp
  1348 | D:2      | Reached XP level 3. HP: 15/19 MP: 0/7
  1423 | D:2      | Learned a level 3 spell: Summon Guardian Golem
  2223 | D:3      | Noticed Robin
  2232 | D:3      | Noticed Terence
  2238 | D:2      | Slain by a goblin

Vault maps used:
D:1:      saegor_arrival_simple_b
D:3:      lemuel_coloured_pillars_altar, bloody_trog, minivault_11, uniq_robin,
          uniq_natasha, uniq_terence

Action                   || total
-------------------------++-------
Melee: Short sword       ||    67
       Unarmed           ||     2
 Cast: Summon Small Mamm ||    38
       Call Imp          ||    18
       Summon Guardian G ||     1
  Use: Potion            ||     1
 Stab: Distracted        ||     1
  Eat: Chunk             ||     6
